 Dungeon Crawl Stone Soup version 0.29-a0-375-g5102b3be25 (webtiles) character file.

Game seed: 15090617472540201370

152857 HendSelp the Peltast (level 17, -4/93 HPs)
             Began as a Vine Stalker Fighter on May 3, 2022.
             Was the Champion of Qazlal.
             Succumbed to a wolf spider's poison
             ... on level 3 of the Spider Nest.
             The game lasted 00:53:16 (25485 turns).

HendSelp the Peltast (Vine Stalker Fighter)        Turns: 25485, Time: 00:53:17

Health: -4/93      AC: 29    Str: 28 (30) XL:     17   Next: 59%
Magic:  0/27       EV: 10    Int:  8 (9)  God:    Qazlal [******]
Gold:   2560       SH:  0    Dex: 30      Spells: 16/16 levels left

rFire   + + +      SeeInvis .   b - +5 rapier (speed)
rCold   + + .      Faith    .   H - +0 tower shield "Hero's Friend" {Int+6}
rNeg    + . .      Spirit   +   Q - +2 plate armour {rF+}
rPois   .          Reflect  +   c - +1 hat of the Jolly Towns {Harm rElec rF+ Dex+4}
rElec   +          Harm     +   x - +0 cloak
rCorr   .          Rampage  .   M - +2 pair of gloves
Will    ++...                   o - +2 pair of boots
Stlth   ..........              m - amulet of Dischabb {Reflect +Blink SH+5}
HPRegen 1.05/turn               N - ring of Reimbursement {rF+ MP+9 Dex+6}
MPRegen 0.20/turn               y - ring of Ibomavuo {rC++ rN+ Str+9 Int-5 Stlth+}

@: confused, lethally poisoned (-4 -> -23), protected from physical damage,
repel missiles
A: fangs 3, regeneration 1, magic shield, antimagic bite, no potion heal 2
a: Renounce Religion, Evoke Blink, Upheaval, Elemental Force, Disaster Area


You were on level 3 of the Spider Nest.
You worshipped Qazlal.
Qazlal was exalted by your worship.
You visited 5 branches of the dungeon, and saw 28 of its levels.
You also visited: Ossuary, Gauntlet, Ice Cave and Volcano.

You collected 2747 gold pieces.
You spent 187 gold pieces at shops.

Inventory:

Hand Weapons
 b - a +5 rapier of speed (weapon)
 L - a +2 quick blade of freezing
Missiles
 f - a throwing net (quivered)
Armour
 c - the +1 hat of the Jolly Towns (worn) {Harm rElec rF+ Dex+4}
   (You found it in a Gauntlet)

   Dex:       It affects your dexterity (+4).
   rF:        It protects you from fire.
   rElec:     It insulates you from electricity.
   Harm:      It increases damage dealt and taken.
 o - a +2 pair of boots (worn)
 x - a +0 cloak (worn)
 H - the +0 tower shield "Hero's Friend" (worn) {Int+6}
   (You took it off Louise on level 15 of the Dungeon)

   Int:       It affects your intelligence (+6).
 M - a +2 pair of gloves (worn)
 Q - a +2 plate armour of fire resistance (worn)
Jewellery
 h - a +6 ring of dexterity
 m - the amulet of Dischabb (around neck) {Reflect +Blink SH+5}
   (You acquired it on level 5 of the Dungeon)

   [amulet of reflection]

   It reflects blocked missile attacks.
   +Blink:    It lets you blink.
   SH:        It affects your SH (+5).
 y - the ring of Ibomavuo (right hand) {rC++ rN+ Str+9 Int-5 Stlth+}
   (You found it in an ice cave)

   [ring of positive energy]

   Str:       It affects your strength (+9).
   Int:       It affects your intelligence (-5).
   rC:        It greatly protects you from cold.
   rN:        It protects you from negative energy.
   Stlth:     It makes you more stealthy.
 C - the ring "Astagh" {Ice rPois Will- Dex+3}
   (You found it on level 6 of the Lair of Beasts)

   [ring of ice]

   It enhances your ice magic.
   Dex:       It affects your dexterity (+3).
   rF:        It makes you vulnerable to fire.
   rC:        It protects you from cold.
   rPois:     It protects you from poison.
   Will:      It decreases your willpower.
 G - a ring of flight
 N - the ring of Reimbursement (left hand) {rF+ MP+9 Dex+6}
   (You found it in a Gauntlet)

   [ring of dexterity]

   Dex:       It affects your dexterity (+6).
   rF:        It protects you from fire.
   MP:        It affects your magic capacity (+9).
Wands
 q - a wand of digging (6)
 r - a wand of paralysis (24)
 B - a wand of mindburst (10)
 E - a wand of charming (8)
 F - a wand of iceblast (22)
 K - a wand of flame (9)
 U - a wand of acid (9)
Scrolls
 a - 7 scrolls of poison
 u - 4 scrolls of amnesia
 v - 6 scrolls of identify
 z - 5 scrolls of teleportation
Potions
 d - 4 potions of might
 e - 7 potions of curing
 g - 5 potions of invisibility
 i - 11 potions of heal wounds
 j - 4 potions of magic
 k - 5 potions of brilliance
 l - 2 potions of cancellation
 n - 4 potions of flight
 p - 3 potions of resistance
 s - 3 potions of attraction
 t - 5 potions of berserk rage
 w - 16 potions of ambrosia
 J - 2 potions of mutation
 O - 4 potions of lignification


   Skills:
 + Level 12.3 Fighting
 + Level 15.3 Short Blades
 + Level 11.2 Armour
 + Level 4.6 Dodging
 + Level 17.7 Shields


You had 16 spell levels left.
You didn't know any spells.
Your spell library contained the following spells:

 Spells                   Type           Power      Damage    Failure   Level
 Animate Skeleton         Necr           0%         N/A       100%        1
 Apportation              Tloc           0%         N/A       100%        1
 Beastly Appendage        Tmut           0%         N/A       100%        1
 Slow                     Hex            0%         N/A       100%        1
 Sting                    Tmut/Pois      0%         1d3       100%        1
 Summon Small Mammal      Summ           0%         N/A       100%        1
 Blink                    Tloc           0%         N/A       100%        2
 Corpse Rot               Necr/Air       0%         N/A       100%        2
 Ensorcelled Hibernation  Hex/Ice        0%         N/A       100%        2
 Poisonous Vapours        Pois/Air       0%         N/A       100%        2
 Scorch                   Fire           0%         2d5       100%        2
 Sublimation of Blood     Necr           0%         N/A       100%        2
 Wereblood                Tmut           0%         N/A       100%        2
 Call Canine Familiar     Summ           0%         N/A       100%        3
 Confusing Touch          Hex            0%         N/A       100%        3
 Conjure Flame            Conj/Fire      0%         6-21      100%        3
 Dazzling Flash           Conj/Hex       0%         N/A       100%        3
 Ignite Poison            Fire/Tmut/Pois 0%         N/A       100%        3
 Ozocubu's Armour         Ice            0%         N/A       100%        3
 Portal Projectile        Hex/Tloc       0%         N/A       100%        3
 Spider Form              Tmut/Pois      0%         N/A       100%        3
 Vampiric Draining        Necr           0%         2d6       100%        3
 Animate Dead             Necr           0%         N/A       100%        4
 Dispel Undead            Necr           0%         3d6       100%        4
 Flame Wave               Conj/Fire      0%         2d4       100%        4
 Ice Form                 Ice/Tmut       0%         N/A       100%        4
 Iskenderun's Mystic Bla  Conj/Tloc      0%         2d3       100%        4
 Leda's Liquefaction      Hex/Erth       0%         N/A       100%        4
 Olgreb's Toxic Radiance  Pois           0%         N/A       100%        4
 Passage of Golubria      Tloc           0%         N/A       100%        4
 Petrify                  Tmut/Erth      0%         N/A       100%        4
 Sticky Flame             Conj/Fire      0%         2d3       100%        4
 Summon Ice Beast         Ice/Summ       0%         N/A       100%        4
 Summon Lightning Spire   Summ/Air       0%         N/A       100%        4
 Agony                    Necr           0%         N/A       100%        5
 Alistair's Intoxication  Tmut/Pois      0%         N/A       100%        5
 Irradiate                Conj/Tmut      0%         3d13      100%        5
 Lee's Rapid Deconstruct  Erth           0%         3d5*      100%        5
 Metabolic Englaciation   Hex/Ice        0%         N/A       100%        5
 Silence                  Hex/Air        0%         N/A       100%        5
 Yara's Violent Unravell  Hex/Tmut       0%         3d3       100%        5
 Death Channel            Necr           0%         N/A       100%        6
 Simulacrum               Ice/Necr       0%         N/A       100%        6
 Starburst                Conj/Fire      0%         6d3       100%        6
 Statue Form              Tmut/Erth      0%         N/A       100%        6
 Summon Cactus Giant      Summ           0%         N/A       100%        6
 Enfeeble                 Hex            0%         N/A       100%        7
 Haunt                    Necr/Summ      0%         N/A       100%        7
 Ozocubu's Refrigeration  Ice            0%         4d5       100%        7
 Storm Form               Tmut/Air       0%         N/A       100%        7
 Infestation              Necr           0%         N/A       100%        8
 Lehudib's Crystal Spear  Conj/Erth      0%         10d2      100%        8
 Maxwell's Capacitive Co  Air            0%         ∞         100%        8
 Polar Vortex             Ice            0%         N/A       100%        9


Dungeon Overview and Level Annotations

Branches:
Dungeon (15/15)            Temple (1/1) D:7            Lair (6/6) D:9
 Shoals (0/4) Lair:3       Spider (4/4) Lair:3        Slime (0/5) Lair:5
    Orc (2/2) D:10            Elf (0/3) Orc:2        Vaults (0/5) D:14
 Depths (0/4) D:15        Ossuary (visited)           IceCv (visited)
Volcano (visited)         Gauntlet (visited)

Altars:
Ashenzari
Cheibriados
Dithmenos
Elyvilon
Fedhas
Gozag
Hepliaklqana
Kikubaaqudgha
Makhleb
Nemelex Xobeh
Okawaru
Qazlal
Ru
Sif Muna
Trog
Uskayaw
Vehumet
Wu Jian
Xom
Yredelemnul
Zin
The Shining One
Beogh
Jiyva

Shops:
D:5 !   Orc:2 ([*=

Annotations:
D:9 1 runed translucent door, spaghetti's ghost, journeyman VSAr
Lair:5 3 runed translucent doors, HendSelp's ghost, journeyman VSFi; Sweeb's ghost, journeyman TeGl; spaghetti's ghost, journeyman GnBe
Orc:1 1 runed translucent door
Orc:2 3 runed translucent doors, RandomusNamus's ghost, journeyman MiCA


Innate Abilities, Weirdness & Mutations

You have razor-sharp teeth.
Your natural rate of healing is unusually fast.
When hurt, damage is shared between your health and your magic reserves.
Your bite disrupts and absorbs the magic of your enemies.
Potions cannot restore your health.


Message History

The tarantella is engulfed in freezing vapours.
The tarantella barely misses you. x2
The jumping spider pounces on you but does no damage.
The jumping spider bites you but does no damage.
The broodmother bites you but does no damage.
You feel you are being watched by something.
You feel your power leaking away.
The jumping spider leaps!
The wolf spider hits you!
* * * LOW HITPOINT WARNING * * *
You feel more protected from physical attacks.
The wolf spider bites you.
* * * LOW HITPOINT WARNING * * *
The jumping spider is engulfed in blazing flames.
The jumping spider leaps!
The tarantella touches you.
* * * LOW HITPOINT WARNING * * *
You are more confused.
The tarantella is engulfed in freezing vapours.
The tarantella touches you but does no damage.
The demonic crawler is engulfed in blazing flames.
The demonic crawler hits you but does no damage. x3
The tarantella touches you but does no damage.
Unknown command.
Unknown command.
The jumping spider leaps! x3
The broodmother bites you but does no damage.
You feel you are being watched by something.
The tarantella touches you.
* * * LOW HITPOINT WARNING * * *
The tarantella touches you but does no damage.
The demonic crawler is engulfed in blazing flames.
The demonic crawler hits you but does no damage. x3
The wolf spider misses you. The wolf spider bites you.
* * * LOW HITPOINT WARNING * * *
You are lethally poisoned!
The wolf spider poisons you!
The tarantella touches you but does no damage.
The broodmother bites you but does no damage.
You climb upwards.
The wolf spider disappears in a puff of smoke!
You die...

#...## ##...# #### ##...######^.^
##...####.^.... #.....#.....#..
####.^#.^#..#####.
###..####..#.^..##..
##.s.†.##....#...#...
#...@........#..^#... ##
##^s#s....#####..##.. .##
##..##########....##. .^## ###
#.....##...(###....## #..#
##^#####.....#.....###....# #..##
#...#^^#^....#.....##.....# ...>#
##^......##.#......#^...### ...##
#.....#.^####............#.
....###...######^...##..#......##


You could see a broodmother, a demonic crawler and a tarantella.

Vanquished Creatures
  Arachne (Spider:2)
  A lich (IceCv)
  Kirke (Spider:3)
  A frost giant (D:15)
  4 ghost moths
  An emperor scorpion (Spider:3)
  Louise (D:15)
  An orc warlord (Orc:2)
  2 very ugly things (IceCv)
  A stone giant (Volcano)
  A broodmother (Spider:1)
  A minotaur (Gauntlet)
  A spark wasp (Spider:3)
  6 entropy weavers
  A vault guard (D:14)
  3 boulder beetles
  7 hydras
  4 catoblepae
  A caustic shrike simulacrum (IceCv)
  4 centaur warriors
  A death knight (D:15)
  A jorogumo (Spider:3)
  2 two-headed ogres
  5 tengu warriors
  4 orc high priests (Orc:2)
  2 sun moths
  A skeletal warrior (D:15)
  4 bog bodies (IceCv)
  2 goliath frogs (Lair:6)
  5 pharaoh ants
  2 orb spiders
  A flayed ghost (D:14)
  3 orc knights (Orc:2)
  5 steelbarb worms
  A lindwurm (Lair:5)
  A wizard (D:14)
  An obsidian statue (IceCv)
  2 phantasmal warriors (D:15)
  A deep elf pyromancer (D:14)
  12 ugly things
  3 orc sorcerers (Orc:2)
  A necromancer (IceCv)
  20 wolf spiders
  2 oklob plants (Lair:1)
  5 cyclopes
  3 manticores
  Joseph (D:8)
  Maurice (D:8)
  2 moths of wrath
  5 black mambas
  2 ice statues (Spider:2)
  2 gargoyles
  4 torpor snails
  22 cane toads
  2 molten gargoyles (Volcano)
  11 komodo dragons
  3 unseen horrors
  A rime drake (Lair:5)
  3 ice devils (IceCv)
  3 anaconda simulacra (IceCv)
  An efreet (D:15)
  19 freezing wraiths
  9 demonic crawlers
  An entropy weaver simulacrum (IceCv)
  2 tengu conjurers
  2 golden dragon simulacra (IceCv)
  A queen bee (D:11)
  6 trolls
  3 meliai
  2 polar bears
  2 tyrant leeches (Lair:6)
  35 blink frogs
  26 tarantellas
  6 dream sheep (Lair:5)
  19 jumping spiders
  2 centaur simulacra
  16 culicivoras
  4 wraiths
  2 water elementals (D:14)
  A jumping spider (shapeshifter) (D:15)
  7 wyverns
  3 dire elephant simulacra (IceCv)
  3 shadows
  30 yaks
  7 hogs (Spider:3)
  3 basilisks
  2 fire bats (Volcano)
  A fire elemental (Volcano)
  A steam dragon (D:8)
  Grum (D:8)
  Eustachio (D:5)
  2 minotaur simulacra (IceCv)
  20 vampire mosquitoes
  44 redbacks
  2 wargs
  5 acid dragons
  5 harpy simulacra
  15 water moccasins
  A meliai simulacrum (Gauntlet)
  35 orc warriors
  2 ice beasts
  2 ettin simulacra (IceCv)
  3 black bears
  2 alligator simulacra (IceCv)
  6 ogres
  12 wolves
  8 centaurs
  2 phantoms
  2 kobold brigands
  22 bullfrogs
  4 gnoll sergeants
  2 earth elementals (Volcano)
  4 scorpions
  4 necrophages
  4 water moccasin zombies (Ossuary)
  4 wights (D:8)
  4 lindwurm simulacra (IceCv)
  34 killer bees
  3 electric eels
  9 lava snakes (Volcano)
  2 hounds
  2 jellies
  20 orc priests
  A gnoll shaman (D:5)
  Jessica (D:2)
  2 iguanas
  Ijyb (D:3)
  Terence (D:2)
  Natasha (thrice) (D:3)
  27 orc wizards
  2 mummies (Ossuary)
  4 adders
  22 gnolls
  A white imp (D:6)
  2 ufetubi
  7 adder zombies (Ossuary)
  A worm (D:2)
  74 orcs
  6 bats
  6 endoplasms
  A gnoll zombie (Ossuary)
  9 goblins
  8 hobgoblins
  10 jackals
  5 quokkas
  8 ball pythons
  6 frilled lizards
  5 hobgoblin zombies (Ossuary)
  13 kobolds
  3 kobold zombies (Ossuary)
  5 orc zombies (Ossuary)
  6 rats
939 creatures vanquished.

Vanquished Creatures (others)
  An efreet (Volcano)
  14 fungi
  68 plants
  4 withered plants (Lair:5)
87 creatures vanquished.

Grand Total: 1026 creatures vanquished

Notes
Turn   | Place    | Note
-------+----------+-------------------------------------------
     0 | D:1      | HendSelp the Vine Stalker Fighter began the quest for the
                  | Orb.
     0 | D:1      | Reached XP level 1. HP: 11/11 MP: 2/2
   225 | D:1      | Reached XP level 2. HP: 16/16 MP: 3/3
   736 | D:1      | Found a faded altar of an unknown god.
   863 | D:1      | Reached XP level 3. HP: 11/20 MP: 0/4
   937 | D:2      | Noticed Jessica
   945 | D:2      | Gained mutation: Your natural rate of healing is unusually
                  | fast. [Vine Stalker growth]
   945 | D:2      | Reached XP level 4. HP: 10/24 MP: 2/5
   948 | D:2      | Killed Jessica
  1580 | D:2      | Noticed Terence
  1591 | D:2      | Killed Terence
  1592 | D:2      | Reached XP level 5. HP: 26/28 MP: 6/6
  1783 | D:3      | Noticed Natasha
  1787 | D:3      | Killed Natasha
  1787 | D:3      | Noticed Ijyb
  1788 | D:3      | Reached skill level 1 in Dodging
  2031 | D:4      | Found a stormy altar of Qazlal.
  2664 | D:5      | Entered Level 5 of the Dungeon
  2696 | D:5      | Reached XP level 6. HP: 26/33 MP: 4/7
  2841 | D:4      | Became a worshipper of Qazlal Stormbringer
  3011 | D:5      | Found an ancient bone altar of Kikubaaqudgha.
  3022 | D:5      | Found Foniskeo's Distillery.
  3032 | D:5      | Identified a scroll of acquirement
  3032 | D:5      | Acquired the amulet of Dischabb {Reflect +Blink SH+5}
  3061 | D:5      | Found a blossoming altar of Fedhas.
  3250 | D:5      | Reached XP level 7. HP: 12/37 MP: 2/8
  3536 | D:5      | Noticed Eustachio
  3565 | D:5      | Killed Eustachio
  3566 | D:5      | Reached skill level 3 in Shields
  3900 | D:6      | Reached * piety under Qazlal
  3901 | D:6      | Gained mutation: You have razor-sharp teeth. [Vine Stalker
                  | growth]
  3901 | D:6      | Reached XP level 8. HP: 26/42 MP: 9/9
  3919 | D:6      | Found a sand-covered staircase.
  3926 | Ossuary  | Entered an ossuary
  3956 | Ossuary  | Reached skill level 5 in Short Blades
  4086 | Ossuary  | Reached ** piety under Qazlal
  4260 | D:6      | Reached skill level 5 in Armour
  4377 | D:6      | Reached skill level 4 in Shields
  4450 | D:6      | Reached XP level 9. HP: 46/46 MP: 10/10
  4466 | D:6      | Reached skill level 5 in Fighting
  4588 | D:6      | Found a shadowy altar of Dithmenos.
  4588 | D:6      | Found a radiant altar of Vehumet.
  4836 | D:7      | Reached skill level 5 in Shields
  4878 | D:7      | Found a staircase to the Ecumenical Temple.
  4879 | D:7      | Noticed a cyclops
  4884 | D:7      | Killed a cyclops
  4937 | Temple   | Entered the Ecumenical Temple
  5103 | D:7      | Found a bloodstained altar of Trog.
  5117 | D:7      | Found a shimmering blue altar of Sif Muna.
  5121 | D:7      | Got Sif Muna's Guide on the Voyage
  5244 | D:7      | Reached XP level 10. HP: 51/51 MP: 11/11
  5382 | D:7      | Reached *** piety under Qazlal
  5453 | D:7      | Reached skill level 6 in Shields
  5941 | D:8      | Noticed Joseph
  5960 | D:8      | Killed Joseph
  6208 | D:8      | Noticed Maurice
  6209 | D:8      | Noticed Grum
  6253 | D:8      | Killed Grum
  6261 | D:8      | Killed Maurice
  6345 | D:8      | Reached skill level 7 in Shields
  6728 | D:9      | Reached **** piety under Qazlal
  6835 | D:9      | Reached XP level 11. HP: 46/56 MP: 12/12
  6965 | D:9      | Found a staircase to the Lair.
  7133 | D:9      | Found a runed translucent door.
  7135 | D:9      | Noticed spaghetti's ghost (journeyman VSAr)
  7152 | D:9      | Reached skill level 10 in Short Blades
  7637 | D:10     | Entered Level 10 of the Dungeon
  7649 | D:10     | Found an opulent altar of Gozag.
  7682 | D:10     | Found a staircase to the Orcish Mines.
  7830 | D:10     | Noticed a two-headed ogre
  7841 | D:10     | Killed a two-headed ogre
  8097 | D:10     | Reached skill level 8 in Shields
  8353 | D:11     | Noticed a two-headed ogre
  8368 | D:11     | Killed a two-headed ogre
  8412 | D:11     | Noticed a four-headed hydra
  8422 | D:11     | Killed a four-headed hydra
  8592 | D:11     | Noticed a manticore
  8607 | D:11     | Killed a manticore
  8608 | D:11     | Reached XP level 12. HP: 62/63 MP: 11/13
  8925 | D:11     | Reached ***** piety under Qazlal
  9383 | Lair:1   | Entered Level 1 of the Lair of Beasts
  9457 | Lair:1   | Reached skill level 9 in Shields
  9630 | Lair:1   | Found a blossoming altar of Fedhas.
 10469 | Lair:2   | Reached skill level 10 in Shields
 10485 | Lair:2   | Found a dark tunnel.
 10497 | Volcano  | Entered a volcano
 10821 | Volcano  | Found a bloodstained altar of Trog.
 10836 | Volcano  | Noticed a stone giant
 10851 | Volcano  | Killed a stone giant
 10882 | Volcano  | Reached XP level 13. HP: 54/69 MP: 9/14
 11730 | Lair:3   | Found a staircase to the Shoals.
 12009 | Lair:3   | Found a hole to the Spider Nest.
 12477 | Lair:4   | Found a gate leading to a gauntlet.
 12490 | Gauntlet | Entered a Gauntlet
 12490 | Gauntlet | Found a transporter.
 12499 | Gauntlet | Found a transporter.
 12500 | Gauntlet | Found a transporter.
 12504 | Gauntlet | Found a transporter.
 12504 | Gauntlet | Noticed an entropy weaver
 12505 | Gauntlet | Found a transporter.
 12505 | Gauntlet | Found a transporter.
 12506 | Gauntlet | Found a large runed translucent door.
 12507 | Gauntlet | Found a large runed translucent door.
 12508 | Gauntlet | Found a large runed translucent door.
 12508 | Gauntlet | Found a large runed translucent door.
 12508 | Gauntlet | Found a runed translucent door.
 12509 | Gauntlet | Found a large runed translucent door.
 12509 | Gauntlet | Found a runed translucent door.
 12510 | Gauntlet | Found a large runed translucent door.
 12511 | Gauntlet | Found a large runed translucent door.
 12511 | Gauntlet | Found a large runed translucent door.
 12511 | Gauntlet | Found a runed translucent door.
 12512 | Gauntlet | Found a runed translucent gate.
 12512 | Gauntlet | Found a runed translucent gate.
 12513 | Gauntlet | Found a transporter.
 12514 | Gauntlet | Found a transporter.
 12536 | Gauntlet | Found a transporter.
 12554 | Gauntlet | Found a transporter.
 12558 | Gauntlet | Found a transporter.
 12561 | Gauntlet | Noticed an entropy weaver
 12566 | Gauntlet | Found a transporter.
 12631 | Gauntlet | Found a large runed translucent door.
 12632 | Gauntlet | Found a large runed translucent door.
 12633 | Gauntlet | Found a large runed translucent door.
 12633 | Gauntlet | Found a large runed translucent door.
 12633 | Gauntlet | Found a runed translucent door.
 12634 | Gauntlet | Found a large runed translucent door.
 12635 | Gauntlet | Found a large runed translucent door.
 12636 | Gauntlet | Found a large runed translucent door.
 12636 | Gauntlet | Found a large runed translucent door.
 12637 | Gauntlet | Found a runed translucent gate.
 12933 | Gauntlet | Killed an entropy weaver
 13005 | Gauntlet | Identified the amulet "Putul" {Spirit rN+ rCorr}
 13067 | Gauntlet | Identified the ring of Reimbursement {rF+ MP+9 Dex+6}
 13138 | Gauntlet | Noticed a minotaur
 13164 | Gauntlet | Killed a minotaur
 13194 | Gauntlet | Identified the +1 hat of the Jolly Towns {Harm rElec rF+
                  | Dex+4}
 13198 | Gauntlet | Got the Reference Book on Poison
 13202 | Gauntlet | Identified the +1 ring mail of Servitude {rElec rF+ Regen+
                  | Dex-5}
 13240 | Lair:4   | Reached ****** piety under Qazlal
 13313 | Lair:4   | Reached skill level 11 in Shields
 14086 | Lair:5   | Found a runed translucent gate.
 14086 | Lair:5   | Found a runed translucent gate.
 14086 | Lair:5   | Found a runed translucent gate.
 14088 | Lair:5   | Noticed HendSelp's ghost (journeyman VSFi)
 14088 | Lair:5   | Noticed spaghetti's ghost (journeyman GnBe)
 14089 | Lair:5   | Noticed Sweeb's ghost (journeyman TeGl)
 14314 | Lair:5   | Found a staircase to the Slime Pits.
 14315 | Lair:5   | Found a viscous altar of Jiyva.
 14541 | Lair:5   | Reached XP level 14. HP: 75/75 MP: 15/15
 15017 | Lair:6   | Entered Level 6 of the Lair of Beasts
 15265 | Lair:6   | Reached skill level 12 in Shields
 15881 | Lair:6   | Identified the ring "Astagh" {Ice rPois Will- Dex+3}
 16213 | Orc:1    | Entered Level 1 of the Orcish Mines
 16330 | Orc:2    | Entered Level 2 of the Orcish Mines
 16499 | Orc:2    | Found a staircase to the Elven Halls.
 16517 | Orc:1    | You fall into a shaft and drop 1 floor!
 16752 | Orc:1    | Found a runed translucent door.
 16755 | Orc:1    | Noticed a balrug
 16999 | Orc:2    | Noticed RandomusNamus's ghost (journeyman MiCA)
 17003 | Orc:2    | Found a runed translucent gate.
 17004 | Orc:2    | Found a runed translucent gate.
 17005 | Orc:2    | Found a runed translucent gate.
 17127 | Orc:2    | Reached skill level 10 in Fighting
 17243 | Orc:2    | Reached skill level 13 in Shields
 17303 | Orc:2    | Noticed an orc warlord
 17507 | Orc:2    | Killed an orc warlord
 17508 | Orc:2    | Reached XP level 15. HP: 61/80 MP: 16/16
 17697 | Orc:2    | Found Obi Oras's General Store.
 17698 | Orc:2    | Found Zeag Yro's Jewellery Shoppe.
 17700 | Orc:2    | Found Banastoe's Antique Armour Emporium.
 17700 | Orc:2    | Found Lurouguomp's Antique Weapon Emporium.
 17719 | Orc:2    | Bought a runed kite shield for 187 gold pieces
 18997 | D:14     | Reached skill level 14 in Shields
 19037 | D:14     | Reached skill level 10 in Armour
 19477 | D:14     | Found a gate to the Vaults.
 19619 | D:15     | Entered Level 15 of the Dungeon
 19661 | D:15     | Identified the +0 tower shield "Hero's Friend" {Int+6}
 19661 | D:15     | Noticed Louise
 19680 | D:15     | Killed Louise
 20072 | D:15     | Found a snail-covered altar of Cheibriados.
 20373 | D:15     | Noticed a frost giant
 20374 | D:15     | Found a staircase to the Depths.
 20392 | D:15     | Killed a frost giant
 20611 | D:15     | Found an iron altar of Okawaru.
 20944 | D:3      | Noticed Natasha
 20953 | D:3      | Killed Natasha
 20957 | D:3      | Noticed Natasha
 20961 | D:3      | Killed Natasha
 21120 | D:3      | Killed Ijyb
 21203 | D:3      | You fall into a shaft and drop 1 floor!
 21319 | D:3      | Found a glowing golden altar of the Shining One.
 21682 | Spider:1 | Entered Level 1 of the Spider Nest
 21698 | Spider:1 | Reached XP level 16. HP: 85/87 MP: 17/17
 21753 | Spider:1 | Reached skill level 15 in Shields
 22672 | Spider:2 | Found a frozen archway.
 22681 | IceCv    | Entered an ice cave
 22873 | IceCv    | Reached skill level 15 in Short Blades
 23067 | IceCv    | Found an ancient bone altar of Kikubaaqudgha.
 23143 | IceCv    | Noticed a lich
 23167 | IceCv    | Killed a lich
 23280 | IceCv    | Got the Incunabulum of the Snowflakes
 23286 | IceCv    | Identified the ring of Ibomavuo {rC++ rN+ Str+9 Int-5
                  | Stlth+}
 23496 | Spider:1 | Reached skill level 16 in Shields
 23902 | Spider:2 | Noticed Arachne
 23943 | Spider:2 | Killed Arachne
 23944 | Spider:2 | Reached XP level 17. HP: 65/93 MP: 18/18
 24172 | Spider:2 | You fall into a shaft and drop 1 floor!
 24203 | Spider:3 | Reached skill level 17 in Shields
 24569 | Spider:3 | Noticed Kirke
 24590 | Spider:3 | Killed Kirke
 25283 | Spider:4 | Entered Level 4 of the Spider Nest
 25364 | Spider:4 | HP: 3/93 [wolf spider (5)]
 25485 | Spider:3 | Succumbed to a wolf spider's poison

Illustrated notes

Levels and vault maps discovered:
D:1:      tarquinn_simple_flora_water_f, layout_loops_ring,
          dilly_ecumenical_altar_fadedgnrine
D:2:      layout_basic, serial_rivers, chequers_serial_rivers_small_3,
          chequers_serial_rivers_large_a, chequers_serial_rivers_micro_b,
          chequers_serial_rivers_micro_d, chequers_serial_rivers_room_b,
          minmay_lizard_pond, uniq_jessica, uniq_terence
D:3:      layout_basic, mainiacjoe_overflow_six_doors_small, uniq_ijyb,
          uniq_natasha
D:4:      layout_basic, mainiacjoe_overflow_boulevard
D:5:      layout_gridville, nicolae_kikubaaqudgha_miasma_corner,
          fedhas_ov_isle_minmay, serial_shops, nicolae_square_shop,
          ebering_dispersal_statue_hall, uniq_eustachio
D:6:      layout_rooms, gammafunk_temple_overflow_wave, enter_ossuary_2,
          hangedman_decor_opposing
D:7:      layout_basic, nzn_overflow_gifts_of_might_and_magic,
          minmay_temple_entry_stoned_glass
D:8:      layout_loops_ring, uniq_joseph, uniq_grum, uniq_maurice
D:9:      layout_loops_corners, dpeg_oklobed_lair,
          hellmonk_ghost_happy_afterlife
D:10:     layout_small_grid, nicolae_gozag_cash_rules_everything_around_me,
          david_orc_3
D:11:     layout_roguey, special_room [special_room_bee], minmay_door_square,
          minmay_starry_boxes
D:12:     layout_rooms
D:13:     layout_small_grid
D:14:     layout_cave_pools, david_vaults_5, serial_park, serial_park_fountain
D:15:     grunt_enter_depths_snipers, layout_stronghold, serial_park_gazebo
          [serial_park_minivault_5x5_2], kennysheep_okawaru_gauntlet,
          uniq_louise
Temple:   cyrus_circular_temple
Lair:1:   layout_long_grid, special_room, hangedman_tree_tricks,
          grunt_megastairs_4, infiniplex_staircase_pool_2
Lair:2:   layout_regular_city, enter_volcano_2
Lair:3:   layout_hall_layers, shoals_dummy_entry,
          nicolae_spider_entry_orb_guardian, minivault_11, lemuel_fruit_tree
Lair:4:   layout_hall_layers, gauntlet_entry_generic,
          chequers_serial_rivers_micro_a, serial_bayou_shore_b
Lair:5:   layout_cave_pods, slime_altar_1, gammafunk_ghost_cemetery
Lair:6:   minmay_lair_end_frog_pond, layout_gridlike
Spider:1: layout_spider_delve
Spider:2: layout_spider_delve, portal_ice_cave_entry_ice_statue_two,
          nicolae_arachne_temple
Spider:3: layout_spider_delve, uniq_kirke
Spider:4: hellmonk_spider_rune_endless_swarm, special_room
Orc:1:    dreamdust_dug_too_deep, layout_caves, serial_shops
Orc:2:    st_orc_congregation, layout_caves, biasface_ghost_orc_armoury

Skill      XL: |  1  2  3  4  5  6  7  8  9 10 11 12 13 14 15 16 17 |
---------------+----------------------------------------------------+-----
Fighting       | 3 4 5 6 7 8 9 10 11 12 | 12.3
Short Blades   | 2 3 4 6 8 9 11 12 13 14 15 | 15.3
Armour         | 3 4 5 6 7 8 9 10 11 | 11.2
Dodging        | 1 2 3 4 |  4.6
Shields        | 3 4 5 7 8 10 11 13 14 16 17 | 17.7

Action                   |  1- 3 |  4- 6 |  7- 9 | 10-12 | 13-15 | 16-18 || total
-------------------------+-------+-------+-------+-------+-------+-------++-------
Melee: Rapier            |    63 |   170 |   346 |   852 |  1311 |   897 ||  3639
       Bite              |    14 |    53 |   135 |   317 |   578 |   458 ||  1555
       Punch             |       |     1 |       |       |       |       ||     1
Throw: Throwing net      |       |       |     4 |     1 |     2 |       ||     7
Evoke: Wand              |       |       |       |     1 |       |       ||     1
  Use: Scroll            |     1 |     9 |     7 |     9 |    14 |    12 ||    52
       Potion            |       |     1 |       |     5 |     3 |    10 ||    19
 Stab: Held in net/web   |       |       |     3 |     1 |     1 |       ||     5
       Paralysed         |       |       |       |     2 |       |       ||     2
       Petrifying        |       |       |       |       |     1 |       ||     1
Armor: Scale mail        |    49 |   107 |    55 |       |       |       ||   211
       Plate armour      |       |       |    33 |   164 |   196 |   350 ||   743
Dodge: Dodged            |    83 |   132 |    90 |    95 |   104 |   165 ||   669
       Repelled          |       |       |       |     5 |     3 |     1 ||     9
Block: Buckler           |       |    21 |   183 |   446 |   125 |       ||   775
       Reflection        |       |       |     3 |    16 |    31 |     8 ||    58
       Kite shield       |       |       |       |       |   800 |   815 ||  1615
       Tower shield      |       |       |       |       |       |   325 ||   325
       Other             |       |       |       |       |       |     5 ||     5

Table legend: (Time is in decaauts)
 A = Elapsed time spent in this place.
 B = Non-inter-level travel time spent in this place.
 C = Inter-level travel time spent in this place.
 D = Time resting spent in this place.
 E = Time spent auto-exploring this place.
 F = Levels seen in this place.
 G = Mean time per level.
                   A        B        C        D        E       F      G
               +--------+--------+--------+--------+--------+-----+--------+
         Total |  23826 |  21973 |   1853 |   1361 |  15558 |  32 |  744.6 |
       Dungeon |  12144 |  11158 |    986 |    419 |   8530 |  15 |  809.6 |
        Temple |     82 |     73 |      9 |      0 |     65 |   1 |   82.0 |
          Lair |   5223 |   4676 |    547 |    290 |   3600 |   6 |  870.5 |
   Spider Nest |   2675 |   2493 |    182 |    480 |   1295 |   4 |  668.8 |
  Orcish Mines |   1585 |   1458 |    127 |     87 |    967 |   2 |  792.5 |
       Ossuary |    248 |    248 |      0 |     25 |     75 |   1 |  248.0 |
      Ice Cave |    569 |    569 |      0 |     60 |    316 |   1 |  569.0 |
       Volcano |    616 |    616 |      0 |      0 |    437 |   1 |  616.0 |
      Gauntlet |    681 |    681 |      0 |      0 |    272 |   1 |  681.0 |
               +--------+--------+--------+--------+--------+-----+--------+

Top non-repeatable levels by time:
Spider:1: 1247 daAuts
  Lair:5: 1157 daAuts
     D:5: 1075 daAuts
     D:1: 1064 daAuts
     D:9: 1053 daAuts
     D:4: 1033 daAuts
    D:15: 964 daAuts
     D:7: 958 daAuts
    D:11: 900 daAuts
   Orc:2: 892 daAuts
  Lair:2: 872 daAuts
     D:8: 843 daAuts
  Lair:4: 827 daAuts
     D:2: 810 daAuts
  Lair:3: 802 daAuts
